AoeStats
← silvajuank

Arena

508316037Analyzed
1v1 RM · 12d ago on Sep 21, 2026· 37m 20s· 2 players
Game mode
Random Map
Map size
Tiny (2 player)
Population
200
Speed
Normal
Resources
Standard
Victory
Conquest
Starting age
Dark Age
Ending age
Imperial Age
RankedLock teamsTeams togetherTeam positionsShared explorationLock speedFull tech treeHidden civsTurbo modeCheats
Victory
Defeat
🇧🇷 Vietnamese · Brazil
1005
+15
🇦🇷 Sicilians · Argentina
975
-15
silvajuank
11:00 Feudal Age
10:38 Loom
15:31 Castle Age
13:41 Double-Bit Axe
14:03 Horse Collar
16:55 Bow Saw
19:30 Bloodlines
24:38 Fletching
28:49 Wheelbarrow
32:28 Imperial Age
30:35 Bodkin Arrow
30:41 Padded Archer Armor
30:43 Scale Mail Armor
31:07 Ballistics
31:22 Husbandry
31:31 Scale Barding Armor
31:36 Forging
32:31 Hand Cart
32:01 Town Watch
32:35 Gold Mining
32:36 Stone Mining
33:11 Squires
32:57 Gambesons
32:59 Arson
34:56 Chemistry
34:09 Masonry
34:02 Bracer
35:18 Chain Barding Armor
36:22 Leather Archer Armor
37:12 Plate Barding Armor
36:45 Siege Engineers
_RwR_
7:54 Loom
10:19 Feudal Age
15:52 Castle Age
14:24 Double-Bit Axe
18:48 Wheelbarrow
18:12 Stone Mining
18:52 Bow Saw
24:14 Scale Mail Armor
25:16 Squires
25:39 Gold Mining
25:43 Horse Collar
27:00 Hand Cart
29:47 Imperial Age
29:16 Arson
29:53 Town Watch
30:14 Fletching
30:59 Ballistics
31:07 Heavy Plow
32:44 Two-Man Saw
32:07 Forging
33:33 Stone Shaft Mining
34:03 Elite Fire Lancer
Connection lost

Rejoining the realm…

Still unreachable

The connection could not be restored.

Session expired

The server has moved on; the page needs a fresh start.